 Dungeon Crawl Stone Soup version 0.23.2-30-g0e89c35649 (webtiles) character file.

Game seed: 9438143975965580233

115 Kobolds4U the Caller (level 4, 0/24 HPs)
             Began as a Deep Elf Summoner on June 18, 2019.
             Succumbed to a kobold's poison
             ... while paralysed
             ... on level 3 of the Dungeon.
             The game lasted 00:07:50 (3283 turns).

Kobolds4U the Caller (Deep Elf Summoner)            Turns: 3283, Time: 00:07:51

Health: 0/24       AC:  2    Str: 11    XL:     4   Next: 68%
Magic:  9/12       EV:  2    Int: 20    God:
Gold:   36         SH:  0    Dex: 20    Spells: 9/12 levels left

rFire    . . .     SeeInvis .   a - +0 dagger (venom)
rCold    . . .     Gourm    .   (no shield)
rNeg     . . .     Faith    .   e - +0 robe
rPois    .         Spirit   .   (no helmet)
rElec    .         Reflect  .   (no cloak)
rCorr    .         Harm     .   (no gloves)
MR       .....                  (no boots)
Stlth    +++.......             (no amulet)
HPRegen  0.08/turn              (no ring)
MPRegen  0.13/turn              (no ring)

@: paralysed, mighty, agile, lethally poisoned (0 -> -13), berserk cooldown,
slowed
A: no striking features
a: no special abilities


You were on level 3 of the Dungeon.
You were not hungry.

You visited 1 branch of the dungeon, and saw 3 of its levels.

You collected 36 gold pieces.

Inventory:

Hand Weapons
 a - a +0 dagger of venom (weapon)
Missiles
 k - 31 arrows
Armour
 e - a +0 robe (worn)
Scrolls
 b - a scroll of noise {unknown}
 d - 2 scrolls of amnesia {unknown}
 f - 3 scrolls of identify
 g - a scroll of remove curse {unknown}
 j - 2 scrolls of blinking {unknown}
 m - 2 scrolls of magic mapping {unknown}
 n - a scroll of fog {unknown}
 o - a scroll of fear {unknown}
Comestibles
 c - 7 rations
 p - 2 chunks of flesh


   Skills:
 - Level 2.4 Dodging
 - Level 2.4 Stealth
 + Level 4.5 Spellcasting
 * Level 6.0 Summonings


You had 9 spell levels left.
You knew the following spells:

 Your Spells              Type           Power        Failure   Level  Hunger
a - Summon Small Mammal   Summ           ####         1%          1    None
b - Call Imp              Summ           ####....     1%          2    #......

Your spell library contained the following spells:

 Spells                   Type           Power        Failure   Level  Hunger
 Call Canine Familiar     Summ           ####....     3%          3    ##.....
 Summon Guardian Golem    Hex/Summ       ###.....     11%         3    ##.....
 Summon Ice Beast         Ice/Summ       ###.....     34%         4    ####...
 Summon Lightning Spire   Summ/Air       ###.....     34%         4    ####...


Dungeon Overview and Level Annotations

Branches:
Dungeon (3/15)

Altars:
Uskayaw


Message History

You feel yourself moving faster!
You feel mighty!
* * * LOW HITPOINT WARNING * * *
You feel sick.
You swap places.
You feel a strong urge to attack something.
* * * LOW HITPOINT WARNING * * *
You feel sick.
There is an open door here.
You see here a poisoned needle.
* * * LOW HITPOINT WARNING * * *
You feel sick.
Things that are here:
a +0 blowgun; 3 poisoned needles; a kobold corpse You feel your anger nearly subside.
* * * LOW HITPOINT WARNING * * *
You feel sick.
You are no longer berserk.
You pass out from exhaustion.
You feel yourself slow down.
You die...

######...................รท.###.
#......((....####.....<.#.
#.>..........# ##.....##.
#............# #...(....
######..(5(..#####....##..
####5###......(...#.. ####
####)###..........#.. ...#
#....(.#........).... ...###
#...@..########)(.... ...'.
..........+.......().#.. ...#
####......########.).### ...#
#......# .......))# ...#
#!.....# ......#).# ...#
####+### ......#..### ...###
......#..... .....# ......##>###
####.# ..... ###


You could see a friendly crimson imp and a friendly white imp.

Vanquished Creatures
  Natasha (D:3)
  3 adders
  A dart slug (D:3)
  A giant cockroach (D:3)
  6 goblins
  2 hobgoblins
  4 jackals
  A quokka (D:2)
  3 bats
  2 frilled lizards
  3 kobolds
  5 rats
32 creatures vanquished.

Vanquished Creatures (collateral kills)
  Robin (D:3)
  A dart slug (D:1)
  2 leopard geckos (D:1)
  A giant cockroach (D:1)
  10 goblins
  3 hobgoblins
  4 jackals
  6 kobolds
  3 rats
31 creatures vanquished.

Grand Total: 63 creatures vanquished

Notes
Turn   | Place    | Note
-------+----------+-------------------------------------------
     0 | D:1      | Kobolds4U the Deep Elf Summoner began the quest for the
                  | Orb.
     0 | D:1      | Reached XP level 1. HP: 10/10 MP: 6/6
   686 | D:1      | Reached XP level 2. HP: 15/15 MP: 4/8
   852 | D:1      | Learned a level 2 spell: Call Imp
   963 | D:1      | Reached skill level 5 in Summonings
  1584 | D:2      | Found a hide-covered altar of Uskayaw.
  1659 | D:2      | Reached XP level 3. HP: 19/19 MP: 10/10
  2581 | D:3      | Noticed Robin
  2592 | D:3      | Reached XP level 4. HP: 15/24 MP: 3/12
  2597 | D:3      | Killed Robin
  2833 | D:3      | Noticed Natasha
  2843 | D:3      | Killed Natasha
  3070 | D:3      | Reached skill level 6 in Summonings
  3281 | D:3      | HP: 1/36 [poisoned by a kobold]
  3283 | D:3      | Succumbed to a kobold's poison

Skill      XL: |  1  2  3  4 |
---------------+-------------+-----
Summonings     | 5 6 |  6.0
Spellcasting   | 4 |  4.5
Dodging        | |  2.4
Stealth        | |  2.4

Action                   |  1- 3 |  4- 6 || total
-------------------------+-------+-------++-------
Melee: Unarmed           |     7 |       ||     7
       Dagger            |    86 |    29 ||   115
 Cast: Summon Small Mamm |    40 |     3 ||    43
       Call Imp          |     3 |     2 ||     5
  Use: Potion            |       |     3 ||     3
       Scroll            |       |     2 ||     2
 Stab: Sleeping          |     7 |     1 ||     8
       Distracted        |     1 |       ||     1
  Eat: Chunk             |     5 |     2 ||     7
Armor: Robe              |    26 |     6 ||    32
Dodge: Dodged            |    82 |    20 ||   102
